 Dungeon Crawl Stone Soup version 0.19.4 (webtiles) character file.

15191 Wabbit the Grappler (level 11, -20/93 HPs)
             Began as a Troll Berserker on Feb 2, 2017.
             Was a High Priest of Trog.
             Killed from afar by a deep elf mage (39 damage)
             ... with a bolt of fire
             ... on level 1 of the Elven Halls on Feb 6, 2017.
             The game lasted 00:52:46 (10541 turns).

Wabbit the Grappler (Troll Berserker)              Turns: 10541, Time: 00:52:47

Health: -20/93     AC:  6    Str: 31    XL:     11   Next: 98%
Magic:  10/10      EV: 14    Int:  3    God:    Trog [*****.]
Gold:   1360       SH:  4    Dex: 15    Spells: 0 memorised, 10 levels left

rFire  . . .     SeeInvis .       - Unarmed
rCold  . . .     Gourm    +     M - +1 troll leather armour
rNeg   . . .     Faith    .     (no shield)
rPois  +         Spirit   .     (helmet restricted)
rElec  +         Reflect  +     (no cloak)
rCorr  .         Harm     .     (gloves unavailable)
MR     .....                    (boots unavailable)
Stlth  ++........               j - +4 amulet of reflection
                                O - ring of flight
                                c - +5 ring of dexterity

@: exhausted, slowed, drained, invisible, very slow
A: unfitting armour, antennae 1, claws 3, blurry vision 1, deformed body, fast
metabolism 3, frail 1, gourmand, poison resistance, regeneration 1, shaggy fur
1, electricity resistance, strong 1, tough skin 2
a: Berserk, Trog's Hand, Brothers in Arms, Burn Spellbooks, Renounce Religion,
Evoke Flight


You were on level 1 of the Elven Halls.
You worshipped Trog.
Trog was extremely pleased with you.
You were very full.

You visited 4 branches of the dungeon, and saw 14 of its levels.
You also visited: Bailey.

You collected 1395 gold pieces.
You spent 35 gold pieces at shops.

Inventory:

Hand Weapons
 d - the +6 longbow of Circularity {venom, Int+2, unknown}
   (Trog gifted it to you on level 1 of the Orcish Mines)

   It poisons the ammo it fires.
   It affects your intelligence (+2).
 B - a +2 quarterstaff of protection
 P - a +0 dagger
 R - the +5 war axe of Untimely Demise {drain, rN+++ MR- Int+4, unknown}
   (You found it in a bailey)

   A truly terrible weapon, it drains the life of those it strikes.
   It affects your intelligence (+4).
   It renders you almost immune to negative energy.
   It affects your resistance to hostile enchantments.
Missiles
 q - 4 large rocks (quivered)
Armour
 a - a +0 animal skin
 H - a +2 animal skin
 M - a +1 troll leather armour (worn)
 S - the +5 scale mail of Hedonism {rC+ Str+5 Int-4, unknown}
   (You found it in a bailey)

   It affects your strength (+5).
   It affects your intelligence (-4).
   It protects you from cold.
Jewellery
 c - a +5 ring of dexterity (left claw)
 j - a +4 amulet of reflection (around neck)
 F - an uncursed amulet of rage
 I - an uncursed ring of magical power
 O - a ring of flight (right claw)
 Q - an uncursed amulet of the gourmand
Wands
 y - a wand of polymorph (4/24)
 G - a wand of random effects (26/48)
 N - a wand of lightning (6/15)
Scrolls
 f - 5 scrolls of teleportation
 i - 7 scrolls of remove curse
 k - 5 scrolls of blinking
 n - 5 scrolls of enchant armour
 r - a scroll of recharging
 x - 2 scrolls of enchant weapon
 z - 3 scrolls of noise
 A - a scroll of amnesia
 D - 2 scrolls of magic mapping
 L - 2 scrolls of acquirement
 U - a scroll of identify
Potions
 e - 3 potions of heal wounds
 g - a potion of berserk rage
 h - 10 potions of curing
 l - a potion of flight
 s - a potion of resistance {unknown}
 t - a potion of lignification {unknown}
 v - 3 potions of invisibility
 w - 2 potions of cure mutation
 E - 2 potions of haste {unknown}
 J - 3 potions of magic
 K - 3 potions of might
 T - a potion of beneficial mutation {unknown}
Miscellaneous
 p - a fan of gales
Comestibles
 b - 6 bread rations
 m - 4 fruits
 o - 5 chunks of flesh
 u - 2 beef jerkies
 C - 8 meat rations


   Skills:
 + Level 5.3(4.9) Fighting
 + Level 3.9(3.5) Armour
 + Level 7.3(6.9) Dodging
 + Level 4.0(3.7) Stealth
 + Level 14.5(14.0) Unarmed Combat


You had 10 spell levels left.
You didn't know any spells.

Dungeon Overview and Level Annotations

Branches:
Dungeon (10/15)            Temple (1/1) D:6             Orc (2/2) D:9
    Elf (1/3) Orc:2
   Lair: D:8-11

Altars:
Ashenzari
Cheibriados
Dithmenos
Elyvilon
Fedhas
Gozag
Hepliaklqana
Kikubaaqudgha
Makhleb
Nemelex Xobeh
Okawaru
Qazlal
Ru
Sif Muna
Trog
Uskayaw
Vehumet
Xom
Yredelemnul
Zin
The Shining One

Shops:
Orc:1 (!(%=


Innate Abilities, Weirdness & Mutations

You are too large for most types of armour.
You have claws for hands.
Your metabolism is lightning-fast.
You like to eat raw meat.
Your natural rate of healing is unusually fast.
You are covered in fur. (AC +1)
You have very tough skin. (AC +2)
You have a pair of small antennae on your head.
Scrolls take you a little longer to read.
Armour fits poorly on your strangely shaped body.
You are frail. (-10% HP)
Your system is resistant to poisons. (rPois)
You are resistant to electric shocks. (rElec)
Your muscles are strong. (Str +2)


Message History

* * * LOW HITPOINT WARNING * * *
The sixfirhy barely misses you. The hell rat misses you.
The deep elf mage gestures wildly while chanting.
The deep elf mage blinks!
You feel much better. The fire elemental closely misses you.
The fire elemental hits you. The fire elemental burns you!
The deep elf mage misses you.
The deep elf mage gestures wildly while chanting.
The deep elf mage blinks!
You fade into invisibility!
The sixfirhy hits you! The sixfirhy shocks you. You resist.
The sixfirhy hits you!
* * * LOW HITPOINT WARNING * * *
The sixfirhy shocks you. You resist.
* * * LOW HITPOINT WARNING * * *
The sixfirhy barely misses you. The fire elemental closely misses you.
The sixfirhy closely misses you.
The deep elf mage gestures at you while chanting.
The bolt of fire hits you!
You die...

+##.#. ##........#.....#
..#.#. ##.......#.....#
... .#. #..########+###
...#.#.######.....##.....#
##. ..)..........#.....#
.#......##.#####..⌠..#
#.#..#.##.# #.....#
####.#..EE##.#
.....##@#§##)#
.......3e§§§.#
.......#re§.e####...
....#.###e##r.......
#....# ##.)§....... ....#
##e§.e..... ....
...####... ... ..#e.# ..
## ...#.#.. .


You could see 6 deep elf magi, a sixfirhy, 2 fire elementals and 2 hell rats.

Vanquished Creatures
  An orc warlord (Bailey)
  Harold (Orc:1)
  The ghost of Schimscham the Geomancer, a novice OpEE of Vehumet (Bailey)
  2 orc knights
  10 deep elf magi (Elf:1)
  2 trolls
  A wyvern (D:10)
  Grum (D:8)
  2 hungry ghosts
  3 sky beasts
  22 orc warriors
  An ice beast (D:10)
  An eye of draining (D:10)
  2 black bears
  A phantom (D:4)
  7 ogres
  3 wolves (D:8)
  5 centaurs
  A big kobold (D:7)
  6 bullfrogs
  A wyvern zombie (D:9)
  An earth elemental (Elf:1)
  A water moccasin zombie (D:7)
  2 scorpions
  5 howler monkeys
  7 crimson imps
  A quasit (D:7)
  5 hounds
  2 jellies (D:8)
  11 orc priests
  2 bullfrog skeletons
  12 orc wizards
  A centaur skeleton (D:4)
  4 iguanas
  4 worker ants
  2 hound skeletons
  2 worker ant zombies
  A howler monkey skeleton (D:8)
  10 adders
  9 gnolls
  3 shadow imps
  2 adder zombies (D:8)
  2 oozes
  An adder skeleton (D:6)
  5 worms
  3 leopard geckos
  88 orcs
  4 bats
  2 giant cockroaches
  32 hobgoblins
  5 jackals
  6 quokkas
  2 ball pythons (D:4)
  A frilled lizard (D:4)
  23 goblins
  A goblin zombie (D:4)
  A jackal skeleton (D:4)
  12 kobolds
  4 rats
353 creatures vanquished.

Vanquished Creatures (others)
  A kobold (D:7)
1 creature vanquished.

Grand Total: 354 creatures vanquished

Notes
Turn   | Place    | Note
-------+----------+-------------------------------------------
     0 | D:1      | Wabbit the Troll Berserker began the quest for the Orb.
     0 | D:1      | Reached XP level 1. HP: 22/22 MP: 0/0
   198 | D:1      | Reached XP level 2. HP: 29/29 MP: 1/1
  1307 | D:2      | Found a hazy altar of Hepliaklqana.
  1424 | D:3      | Reached XP level 3. HP: 37/37 MP: 2/2
  1504 | D:3      | Found an iron altar of Okawaru.
  1674 | D:3      | Reached ** piety under Trog
  2204 | D:4      | Reached skill level 4 in Unarmed Combat
  2204 | D:4      | Reached XP level 4. HP: 17/45 MP: 3/3
  2323 | D:4      | Reached XP level 5. HP: 37/53 MP: 4/4
  2359 | D:4      | Reached skill level 5 in Unarmed Combat
  2646 | D:4      | Found a sand-covered staircase.
  2659 | D:4      | Reached XP level 6. HP: 61/61 MP: 5/5
  2948 | D:4      | Reached skill level 6 in Unarmed Combat
  3235 | D:5      | Entered Level 5 of the Dungeon
  3290 | D:5      | Reached XP level 7. HP: 64/67 MP: 6/6
  3450 | D:5      | Reached skill level 1 in Stealth
  3590 | D:5      | Found an ancient bone altar of Kikubaaqudgha.
  3719 | D:6      | Reached skill level 7 in Unarmed Combat
  3926 | D:6      | Found a staircase to the Ecumenical Temple.
  3936 | Temple   | Entered the Ecumenical Temple
  4230 | D:6      | Reached XP level 8. HP: 34/78 MP: 7/7
  4601 | D:6      | Reached skill level 8 in Unarmed Combat
  4715 | D:7      | Found a snail-covered altar of Cheibriados.
  4768 | D:7      | Found a stormy altar of Qazlal.
  4825 | D:7      | Reached *** piety under Trog
  4951 | D:7      | Received a gift from Trog
  4966 | D:7      | Reached skill level 9 in Unarmed Combat
  5051 | D:7      | Found a shattered altar of Ashenzari.
  5051 | D:7      | Found a sacrificial altar of Ru.
  5063 | D:7      | Found a faded altar of an unknown god.
  5065 | D:7      | Found a faded altar of an unknown god.
  5067 | D:7      | Found a faded altar of an unknown god.
  5407 | D:8      | Reached skill level 5 in Dodging
  5466 | D:8      | Reached XP level 9. HP: 79/84 MP: 8/8
  5578 | D:8      | Noticed Grum
  5595 | D:8      | HP: 2/84 [Grum/enchanted glaive (28)]
  5615 | D:8      | Killed Grum
  5804 | D:8      | Reached skill level 10 in Unarmed Combat
  6345 | D:8      | Found a shimmering altar of Xom.
  6388 | D:8      | Reached **** piety under Trog
  6788 | D:9      | Found a shadowy altar of Dithmenos.
  6923 | D:9      | Noticed a troll
  6928 | D:9      | Killed a troll
  6928 | D:9      | Reached skill level 11 in Unarmed Combat
  7029 | D:9      | Reached XP level 10. HP: 53/94 MP: 9/9
  7038 | D:9      | Received a gift from Trog
  7109 | D:9      | Found a staircase to the Orcish Mines.
  7236 | D:9      | Identified 2 scrolls of acquirement
  7744 | D:10     | Entered Level 10 of the Dungeon
  7833 | D:10     | Reached skill level 1 in Armour
  7880 | D:10     | Reached ***** piety under Trog
  8329 | D:10     | Reached skill level 12 in Unarmed Combat
  8341 | D:10     | Found a flagged portal.
  8363 | Bailey   | Entered a bailey
  8418 | Bailey   | Received a gift from Trog
  8440 | Bailey   | Noticed Schimscham's ghost (novice OpEE)
  8455 | Bailey   | Killed Schimscham's ghost
  8727 | Bailey   | Noticed an orc warlord
  8728 | Bailey   | Noticed an orc knight
  8745 | Bailey   | Killed an orc warlord
  8745 | Bailey   | Reached skill level 5 in Fighting
  8745 | Bailey   | Reached XP level 11. HP: 102/102 MP: 10/10
  8749 | Bailey   | Killed an orc knight
  8749 | Bailey   | Reached skill level 13 in Unarmed Combat
  8804 | Bailey   | Got a smoking war axe
  8816 | Bailey   | Got a garnet-encrusted scale mail
  9324 | Orc:1    | Entered Level 1 of the Orcish Mines
  9391 | Orc:1    | Found Yfalop's Food Shoppe.
  9406 | Orc:1    | Received a gift from Trog
  9698 | Orc:1    | Noticed Harold
  9713 | Orc:1    | Found Simel's Antique Weapon Boutique.
  9718 | Orc:1    | Killed Harold
  9729 | Orc:1    | Found Zadun's Distillery.
  9738 | Orc:1    | Bought a potion of mutation for 35 gold pieces
  9752 | Orc:1    | Found Ciweum's Weapon Shoppe.
  9761 | Orc:1    | Gained mutation: Your system is resistant to poisons. (rPois) [potion of mutation]
  9761 | Orc:1    | Gained mutation: You have a pair of small antennae on your head. [potion of mutation]
  9761 | Orc:1    | Gained mutation: Armour fits poorly on your strangely shaped body. [potion of mutation]
  9762 | Orc:1    | Gained mutation: Scrolls take you a little longer to read. [potion of mutation]
  9762 | Orc:1    | Gained mutation: You are resistant to electric shocks. (rElec) [potion of mutation]
  9763 | Orc:1    | Gained mutation: You are frail. (-10% HP) [potion of mutation]
  9763 | Orc:1    | Gained mutation: Your muscles are strong. (Str +2) [potion of mutation]
  9896 | Orc:1    | Found Deifioto's Jewellery Emporium.
  9925 | Orc:1    | Received a gift from Trog
  9946 | Orc:1    | Got a shimmering longbow {god gift}
 10036 | Orc:1    | Noticed an orc knight
 10086 | Orc:1    | Killed an orc knight
 10353 | Orc:2    | Entered Level 2 of the Orcish Mines
 10353 | Orc:2    | Found a staircase to the Elven Halls.
 10366 | Elf:1    | Entered Level 1 of the Elven Halls
 10366 | Elf:1    | Noticed a deep elf mage
 10366 | Elf:1    | Noticed a deep elf mage
 10366 | Elf:1    | Noticed a deep elf mage
 10372 | Elf:1    | Killed a deep elf mage
 10375 | Elf:1    | Noticed a deep elf mage
 10378 | Elf:1    | Killed a deep elf mage
 10379 | Elf:1    | Noticed a deep elf mage
 10391 | Elf:1    | Killed a deep elf mage
 10405 | Elf:1    | Killed a deep elf mage
 10421 | Elf:1    | Killed a deep elf mage
 10421 | Elf:1    | Reached skill level 14 in Unarmed Combat
 10490 | Elf:1    | Noticed a deep elf mage
 10498 | Elf:1    | Noticed a deep elf mage
 10500 | Elf:1    | Killed a deep elf mage
 10501 | Elf:1    | Noticed a deep elf mage
 10502 | Elf:1    | Noticed a deep elf mage
 10503 | Elf:1    | Noticed a deep elf mage
 10505 | Elf:1    | Noticed a deep elf mage
 10506 | Elf:1    | Killed a deep elf mage
 10507 | Elf:1    | Noticed a deep elf mage
 10508 | Elf:1    | Killed a deep elf mage
 10509 | Elf:1    | Noticed a deep elf mage
 10509 | Elf:1    | Noticed a deep elf mage
 10511 | Elf:1    | Noticed a sixfirhy
 10512 | Elf:1    | Noticed a deep elf mage
 10513 | Elf:1    | Noticed a deep elf mage
 10524 | Elf:1    | Noticed a deep elf mage
 10525 | Elf:1    | Killed a deep elf mage
 10527 | Elf:1    | Noticed a sixfirhy
 10529 | Elf:1    | Killed a deep elf mage
 10541 | Elf:1    | Killed from afar by a deep elf mage

Skill      XL: |  1  2  3  4  5  6  7  8  9 10 11 |
---------------+----------------------------------+-----
Fighting       | 3 4 5 |  5.3
Unarmed Combat | 4 5 6 7 9 11 12 14 | 14.5
Dodging        | 3 4 5 6 7 |  7.3
Stealth        | 1 2 3 4 |  4.0
Armour         | 2 3 |  3.9

Action                   |  1- 3 |  4- 6 |  7- 9 | 10-12 || total
-------------------------+-------+-------+-------+-------++-------
Melee: Unarmed           |    92 |    79 |   304 |   434 ||   909
       Punch             |     2 |     4 |    18 |    43 ||    67
Invok: Burn Spellbooks   |       |       |     1 |       ||     1
       Berserk           |       |       |     1 |     5 ||     6
  Use: Scroll            |       |       |       |    23 ||    23
       Potion            |       |       |       |     8 ||     8
 Stab: Sleeping          |       |     2 |     5 |     8 ||    15
       Distracted        |       |       |     1 |     1 ||     2
  Eat: Bread ration      |     2 |       |       |       ||     2
       Chunk             |     4 |    12 |    36 |    50 ||   102
       Fruit             |     3 |       |       |       ||     3
       Pizza             |     1 |       |       |       ||     1
Armor: Animal skin       |    35 |    10 |    42 |       ||    87
       Troll leather arm |       |       |     9 |   104 ||   113
Dodge: Dodged            |    60 |    27 |   154 |   285 ||   526
Block: Other             |       |    12 |    45 |    71 ||   128
       Reflection        |       |       |     1 |     1 ||     2
